 Dungeon Crawl Stone Soup version 0.25-a0-632-g7713895373 (webtiles) character file.

Game seed: 13156069336395561852, levelgen mode: deterministic

56 Amnesiac the Chopper (level 3, -2/33 HPs)
             Began as a Deep Dwarf Fighter on Mar 19, 2020.
             Slain by a worm (5 damage)
             ... on level 2 of the Dungeon.
             The game lasted 00:00:56 (759 turns).

Amnesiac the Chopper (Deep Dwarf Fighter)            Turns: 759, Time: 00:00:57

Health: -2/33      AC:  9    Str: 20    XL:     3   Next: 71%
Magic:  3/3        EV:  6    Int:  8    God:
Gold:   49         SH:  9    Dex: 12    Spells: 2/2 levels left

rFire    . . .     SeeInvis .   a - +0 war axe
rCold    . . .     Gourm    .   c - +0 kite shield
rNeg     . . .     Faith    .   e - +0 chain mail
rPois    .         Spirit   .   (no helmet)
rElec    .         Reflect  .   (no cloak)
rCorr    .         Harm     .   (no gloves)
MR       .....                  (no boots)
Stlth    ..........             (no amulet)
HPRegen  0.00/turn              (no ring)
MPRegen  0.08/turn              (no ring)

@: non-regenerating
A: damage resistance, heal wounds, sense surroundings 1, no regeneration
a: Heal Wounds


You were on level 2 of the Dungeon.
You were not hungry.

You visited 1 branch of the dungeon, and saw 2 of its levels.

You collected 49 gold pieces.

Inventory:

Hand Weapons
 a - a +0 war axe (weapon)
Armour
 c - a +0 kite shield (worn)
 e - a +0 chain mail (worn)
Scrolls
 h - 2 scrolls of identify {!r, unknown}
Potions
 b - a potion of lignification {!q, unknown}
 d - a potion of might {!q}
Comestibles
 f - 2 rations
 g - 11 chunks of flesh


   Skills:
 - Level 2.6 Fighting
 * Level 4.0 Axes
 - Level 3.2 Armour
 + Level 1.9 Dodging
 - Level 3.2 Shields


You had 2 spell levels left.
You didn't know any spells.
Your spell library was empty.

Dungeon Overview and Level Annotations

Branches:
Dungeon (2/15)

Altars:
Elyvilon


Innate Abilities, Weirdness & Mutations

You are resistant to damage.
You can heal yourself by infusing magical energy.
You passively map a small area around you.
You do not regenerate.


Message History

The adder is almost dead.
You slash the adder!
You kill the adder!
You hit the bat.
You kill the bat!
You block the adder's attack.
You slash the adder!
You kill the adder!
Your Axes skill increases to level 4!
No target in view!
No target in view!
You butcher the bat corpse.
g - 11 chunks of flesh (gained 1)
You see here a bat skeleton. x2
You now have 49 gold pieces (gained 13).
Found a stone staircase leading up.
You are no longer poisoned.
A worm comes into view.
A worm is nearby!
A worm is nearby!
The worm bites you.
* * * LOW HITPOINT WARNING * * *
You hit the worm.
The worm is lightly wounded.
You block the worm's attack.
You slash the worm!
The worm is heavily wounded.
You hit the worm but do no damage.
The worm is heavily wounded.
You block the worm's attack.
Your shield and chain mail prevent you from hitting the worm.
The worm is heavily wounded.
You block the worm's attack.
You barely miss the worm.
The worm is heavily wounded.
The worm bites you.
* * * LOW HITPOINT WARNING * * *
You are too injured to fight recklessly!
You are too injured to fight recklessly!
You are too injured to fight recklessly!
You are too injured to fight recklessly!
You are too injured to fight recklessly!
You barely miss the worm.
The worm is moderately wounded.
You block the worm's attack.
You hit the worm.
The worm is heavily wounded.
The worm bites you.
You hit the worm.
The worm is heavily wounded.
The worm barely misses you.
You hit the worm.
The worm is severely wounded.
You barely miss the worm.
The worm is severely wounded.
The worm bites you.
* * * LOW HITPOINT WARNING * * *
You hit the worm.
The worm is almost dead.
You block the worm's attack.
You barely miss the worm.
The worm is almost dead.
The worm bites you!
You die...

###########
#?.<......#
#..?......# ,
#.........# *
#.........#
*.########.......$.#
..............@w..#
*#...#####.........#
*, #...###.........#
, #..##.######### *
###....## *
##...#รท..##
#####.(.......##
........(.......#
###...)........... *


You could see a worm.

Vanquished Creatures
  3 adders (D:2)
  A worm (D:2)
  2 giant cockroaches (D:2)
  2 goblins
  3 hobgoblins
  4 jackals (D:1)
  A quokka (D:2)
  3 bats (D:2)
  3 kobolds
  2 rats
24 creatures vanquished.

Notes
Turn   | Place    | Note
-------+----------+-------------------------------------------
     0 | D:1      | Amnesiac the Deep Dwarf Fighter began the quest for the
                  | Orb.
     0 | D:1      | Reached XP level 1. HP: 20/20 MP: 1/1
   304 | D:1      | Reached XP level 2. HP: 18/27 MP: 2/2
   605 | D:2      | Reached skill level 3 in Axes
   605 | D:2      | Reached skill level 1 in Dodging
   644 | D:2      | Found a white marble altar of Elyvilon.
   697 | D:2      | Reached XP level 3. HP: 19/33 MP: 3/3
   733 | D:2      | Reached skill level 4 in Axes
   759 | D:2      | Slain by a worm

Levels and vault maps discovered:
D:1:      arrival_zaba_pyramid, layout_loops_ring, minmay_misc_feat_diagonals,
          st_stairs_14
D:2:      layout_rooms, elyvilon_altar_4

Skill      XL: |  1  2  3 |
---------------+----------+-----
Axes           | 3 4 |  4.0
Dodging        | 1 |  1.9
Fighting       | |  2.6
Armour         | |  3.2
Shields        | |  3.2

Action                   || total
-------------------------++-------
Melee: War axe           ||    91
Armor: Chain mail        ||    57
       Scale mail        ||     1
Dodge: Dodged            ||    26
Block: Kite shield       ||    63

Table legend:
 A = Non-vault XP
 B = Vault XP
 C = Vault XP percentage of total XP
 D = Non-vault monster count
 E = Vault monster count
 F = Vault count percentage of total count
                 A         B        C        D         E       F
            +---------+---------+-------+---------+---------+-------
      Total |      78 |       3 |   3.7 |      22 |       2 |   8.3
            +---------+---------+-------+---------+---------+-------
        D:1 |      13 |       1 |   7.1 |       7 |       1 |  12.5
        D:2 |      65 |       2 |   3.0 |      15 |       1 |   6.2
            +---------+---------+-------+---------+---------+-------
